 Dungeon Crawl Stone Soup version 0.19.5 (webtiles) character file.

118 IcySystem the Sneak (level 4, -2/21 HPs)
             Began as a Spriggan Enchanter on May 24, 2017.
             Slain by an adder (5 damage)
             ... on level 3 of the Dungeon.
             The game lasted 00:10:31 (3387 turns).

IcySystem the Sneak (Spriggan Enchanter)            Turns: 3387, Time: 00:10:32

Health: -2/21      AC:  3    Str:  4    XL:     4   Next: 72%
Magic:  9/9        EV: 18    Int: 16    God:
Gold:   145        SH:  0    Dex: 17    Spells: 1 memorised, 7 levels left

rFire  . . .     SeeInvis +     g - +2 dagger (venom)
rCold  . . .     Gourm    .     b - +1 robe
rNeg   . . .     Faith    .     (shield restricted)
rPois  .         Spirit   .     (helmet restricted)
rElec  .         Reflect  .     (no cloak)
rCorr  .         Harm     .     (gloves unavailable)
MR     .....                    (boots unavailable)
Stlth  +++.......               (no amulet)
                                (no ring)
                                (no ring)

@: very quick
A: unfitting armour, see invisible, herbivore 3, speed 3, slow metabolism 2
a: no special abilities


You were on level 3 of the Dungeon.
You were not hungry.

You visited 1 branch of the dungeon, and saw 3 of its levels.

You collected 145 gold pieces.

Inventory:

Hand Weapons
 a - a +1 dagger
 g - a +2 dagger of venom (weapon)
Missiles
 h - 59 arrows
 s - 16 poisoned needles
 u - 2 throwing nets (quivered)
Armour
 b - a +1 robe (worn)
Jewellery
 q - a cursed -2 ring of dexterity {unknown}
Scrolls
 e - 2 scrolls of identify {unknown}
 f - a scroll of fear {unknown}
 k - a scroll of magic mapping {unknown}
 l - 2 scrolls of random uselessness {unknown}
 o - a scroll of fog {unknown}
Potions
 i - 2 potions of degeneration {unknown}
 j - a potion of heal wounds {unknown}
 m - 2 potions of resistance {unknown}
 n - 4 potions of agility {unknown}
 p - a potion of invisibility {unknown}
 r - a potion of brilliance {unknown}
 t - 2 potions of curing
Books
 c - a book of Maledictions

   Spells                             Type                      Level
   a - Corona                         Hexes                        1
   b - Ensorcelled Hibernation        Hexes/Ice                    2
   c - Confuse                        Hexes                        3
   d - Tukima's Dance                 Hexes                        3
   e - Dazzling Spray                 Conjuration/Hexes            3
Comestibles
 d - 5 bread rations


   Skills:
 + Level 4.1 Short Blades
 - Level 3.0 Dodging
 - Level 6.1 Stealth
 - Level 2.6 Spellcasting
 - Level 3.6 Hexes


You had 7 spell levels left.
You knew the following spells:

 Your Spells              Type           Power        Failure   Level  Hunger
a - Corona                Hex            ##.....      6%          1    #......


Dungeon Overview and Level Annotations

Branches:
Dungeon (3/15)

Altars:
Fedhas
Hepliaklqana
Qazlal
Sif Muna
Xom


Innate Abilities, Weirdness & Mutations

You are very small and have problems with some larger weapons.
You are too small for most types of armour.
You have supernaturally acute eyesight. (SInv)
You are a herbivore.
You cover ground extremely quickly.
You need consume almost no food.


Message History

The orc hits you with a mace.
* * * LOW HITPOINT WARNING * * *
The orc priest casts a cantrip, but nothing happens.
There is a stone staircase leading down here.
An orc comes into view. It is wielding a trident.
The orc moves out of view.
A howler monkey comes into view.
The howler monkey howls!
The howler monkey hoots and howls with incredible vigour!
The howler monkey hoots and howls with incredible vigour!
Found a club.
An adder comes into view.
The howler monkey hoots and howls with incredible vigour!
You closely miss the adder.
The adder hisses angrily.
The adder bites you.
* * * LOW HITPOINT WARNING * * *
The adder closely misses you. The adder bites you.
You die...

#..................
#.....^.......o....
#...........#.)....
##.................
##......#.........
########....).....
#...).h.....#.....
#.S..#...........#
#@.............###
#....#.........#
#....#...../...#
.......#.........#
########.........#
#..........#
#........#.#
#........#...
#........####


You could see a howler monkey and an adder.

Vanquished Creatures
  4 adders
  A dart slug (D:1)
  5 leopard geckos
  10 bats
  3 giant cockroaches
  8 goblins
  15 hobgoblins
  9 kobolds
  A quokka (D:3)
  2 ball pythons
  3 frilled lizards
  A leopard gecko skeleton (D:3)
  7 rats
69 creatures vanquished.

Notes
Turn   | Place    | Note
-------+----------+-------------------------------------------
     0 | D:1      | IcySystem the Spriggan Enchanter began the quest for the Orb.
     0 | D:1      | Reached XP level 1. HP: 9/9 MP: 5/5
   326 | D:1      | Reached XP level 2. HP: 13/13 MP: 6/6
   399 | D:1      | Reached skill level 5 in Stealth
  1609 | D:2      | Reached XP level 3. HP: 16/16 MP: 8/8
  1770 | D:1      | Reached skill level 6 in Stealth
  2083 | D:2      | Reached XP level 4. HP: 21/21 MP: 9/9
  2727 | D:3      | Found a deep blue altar of Sif Muna.
  2747 | D:3      | Found a blossoming altar of Fedhas.
  2747 | D:3      | Found a stormy altar of Qazlal.
  2763 | D:3      | Found a hazy altar of Hepliaklqana.
  2820 | D:3      | Found a shimmering altar of Xom.
  3387 | D:3      | Slain by an adder

Skill      XL: |  1  2  3  4 |
---------------+-------------+-----
Short Blades   | 2 3 4 |  4.1
Stealth        | 5 6 |  6.1
Dodging        | |  3.0
Spellcasting   | |  2.6
Hexes          | |  3.6

Action                   |  1- 3 |  4- 6 || total
-------------------------+-------+-------++-------
Melee: Dagger            |   152 |    84 ||   236
  Use: Potion            |     2 |       ||     2
 Stab: Sleeping          |    13 |     7 ||    20
Armor: Robe              |    20 |     3 ||    23
Dodge: Dodged            |   118 |    54 ||   172
